[Event "Titled Tuesday Blitz March 14 Late 2023"]
[White "Allansdottir, Rakel Elaisa"]
[Black "Buchenau, Frank"]
[WhiteFideId "2323974"]
[BlackFideId "4604350"]
[WhiteElo "2254"]
[BlackElo "2157"]
[Result "0-1"]
[Round "11"]
[TimeControl "180+2"]
[Date "2023.03.14"]
[WhiteClock "0:01:22"]
[BlackClock "0:01:15"]

1. f4 d5 2. Nf3 g6 3. e3 Bg7 4. d4 Nf6 5. Bd3 Bf5 6. O-O O-O 7. c3 Nbd7 8. Ne5 c5 9. Bxf5 gxf5 10. Nd2 e6 11. Ndf3 Ne4 12. Bd2 f6 13. Nd3 c4 14. Nf2 Kh8 15. b3 b5 16. Qc2 Rg8 17. a4 cxb3 18. Qxb3 bxa4 19. Rxa4 Nb6 20. Ra6 Nc4 21. Bc1 Qd7 22. Nd3 Rgb8 23. Qa2 Nxc3 24. Qa1 Ne4 25. Nd2 Nexd2 26. Nc5 Qf7 27. Nxe6 Nxf1 28. Nxg7 0-1


[Site "https://www.chess.com"]

[Event "Titled Tuesday Blitz March 14 Late 2023"]
[White "Abrosimov, Vladimir"]
[Black "Elissalt Cardenas, Hector"]
[WhiteFideId "4166892"]
[BlackFideId "3500632"]
[WhiteElo "2336"]
[BlackElo "2202"]
[Result "0-1"]
[Round "11"]
[TimeControl "180+2"]
[Date "2023.03.14"]
[WhiteClock "0:00:02"]
[BlackClock "0:00:44"]

1. c4 e5 2. Nc3 d6 3. g3 f5 4. Bg2 Nf6 5. d3 Be7 6. e4 O-O 7. Nge2 c6 8. O-O Na6 9. f4 fxe4 10. dxe4 Be6 11. b3 Qb6+ 12. Kh1 Ng4 13. Qe1 Ne3 14. Bxe3 Qxe3 15. f5 Bf7 16. Rf3 Qb6 17. g4 Qd8 18. Rh3 Bg5 19. Ng3 Nc5 20. Nh5 a5 21. Qe2 Qe7 22. Rf1 a4 23. b4 Na6 24. a3 Nc7 25. Qf3 Bxc4 26. Rf2 d5 27. exd5 cxd5 28. Qd1 Rad8 29. Qxa4 b5 30. Qc2 e4 31. Nf4 Qe5 32. Nfe2 Ne8 33. Rh5 Be3 34. Rf1 Nf6 35. Rh3 Bg5 36. Rh5 Nxh5 37. gxh5 Rc8 38. Rd1 Bxe2 39. Qxe2 Rxc3 40. Qxb5 Rc1 41. Rxc1 Bxc1 42. Qe2 Qxf5 43. b5 Bf4 0-1


[Site "https://www.chess.com"]

[Event "Titled Tuesday Blitz March 14 Late 2023"]
[White "Floresvillar Gonzalez, Luis Migu"]
[Black "Kostiukov, Alexandr"]
[WhiteFideId "5100542"]
[BlackFideId "14108100"]
[WhiteElo "2040"]
[BlackElo "2202"]
[Result "1-0"]
[Round "11"]
[TimeControl "180+2"]
[Date "2023.03.14"]
[WhiteClock "0:01:16"]
[BlackClock "0:01:08"]

1. e4 c5 2. d4 cxd4 3. c3 g6 4. cxd4 d5 5. exd5 Nf6 6. Bc4 Nxd5 7. Nc3 Nxc3 8. bxc3 Bg7 9. Qf3 O-O 10. Ne2 Nc6 11. O-O Bf5 12. Ba3 Na5 13. Bd3 Bxd3 14. Qxd3 Rc8 15. Rfe1 Nc4 16. Bc1 Qa5 17. Bf4 Rfd8 18. h3 e5 19. Bg5 e4 20. Bxd8 exd3 21. Bxa5 dxe2 22. Bb4 a5 23. Bc5 b6 24. Be7 Re8 25. Rxe2 b5 26. Rae1 Bh6 27. Bc5 Rxe2 28. Rxe2 Bd2 29. d5 Bxc3 30. d6 Bf6 31. d7 1-0


[Site "https://www.chess.com"]

[Event "Titled Tuesday Blitz March 14 Late 2023"]
[White "Khatena, Moshe"]
[Black "Skaric, Djuro"]
[WhiteFideId "2010461"]
[BlackFideId "934569"]
[WhiteElo "2220"]
[BlackElo "2282"]
[Result "0-1"]
[Round "11"]
[TimeControl "180+2"]
[Date "2023.03.14"]
[WhiteClock "0:00:33"]
[BlackClock "0:01:49"]

1. g4 g6 2. Bg2 Bg7 3. d4 d6 4. e4 Nf6 5. g5 Nh5 6. Ne2 Nc6 7. d5 Ne5 8. O-O O-O 9. Nbc3 Nc4 10. b3 Nb6 11. Be3 e5 12. Qd2 f5 13. gxf6 Qxf6 14. a4 a6 15. a5 Nd7 16. b4 Nf4 17. f3 h5 18. Rae1 g5 19. Ng3 Nxg2 20. Kxg2 Qg6 21. Bxg5 Nf6 22. h4 Bd7 23. Kh2 Nh7 24. Be3 Rf7 25. Rg1 Qf6 26. Qe2 Qxh4+ 27. Kg2 Bh3+ 28. Kf2 Raf8 29. Rh1 Qg4 30. Nf5 Rxf5 31. exf5 Qh4+ 32. Kg1 Qg3+ 33. Qg2 Qxg2# 0-1


[Site "https://www.chess.com"]

[Event "Titled Tuesday Blitz March 14 Late 2023"]
[White "Bogaudinov, Rushan"]
[Black "Kornyukov, Alexey"]
[WhiteFideId "4129288"]
[BlackFideId "4150457"]
[WhiteElo "1949"]
[BlackElo "2352"]
[Result "1-0"]
[Round "11"]
[TimeControl "180+2"]
[Date "2023.03.14"]
[WhiteClock "0:01:11"]
[BlackClock "0:00:03"]

1. a3 d5 2. b4 e5 3. Bb2 Bd6 4. e3 Nf6 5. Nf3 Qe7 6. c4 c6 7. d4 e4 8. Nfd2 O-O 9. Be2 a5 10. c5 Bc7 11. Nc3 b6 12. cxb6 Bxb6 13. Na4 Bc7 14. Nc5 Qd6 15. Ndb3 axb4 16. axb4 Rxa1 17. Bxa1 Nbd7 18. Bc3 Nb6 19. Qa1 Bg4 20. Bf1 Ra8 21. Na5 Nc4 22. Bxc4 dxc4 23. Qa2 Be6 24. Nxe6 Qxe6 25. Qxc4 Qg4 26. Qxc6 Rc8 27. Qb7 h5 28. h3 Qd7 29. Bd2 Kh7 30. O-O Qd6 31. g3 Qd7 32. Rc1 Qxh3 33. Be1 1-0


[Site "https://www.chess.com"]

[Event "Titled Tuesday Blitz March 14 Late 2023"]
[White "Salgado Lopez, Ivan"]
[Black "Smith, Garrett L"]
[WhiteFideId "2257327"]
[BlackFideId "2024829"]
[WhiteElo "2571"]
[BlackElo "2278"]
[Result "0-1"]
[Round "11"]
[TimeControl "180+2"]
[Date "2023.03.14"]
[WhiteClock "0:00:01"]
[BlackClock "0:00:10"]

1. d4 Nf6 2. Bg5 d5 3. e3 c5 4. Bxf6 gxf6 5. dxc5 e6 6. Nf3 Bxc5 7. Be2 Nc6 8. O-O f5 9. c4 dxc4 10. Qa4 Qf6 11. Nc3 Bd7 12. Qxc4 Bb6 13. Rac1 O-O 14. Rfd1 Rfd8 15. Qf4 Ne7 16. Qg5+ Qxg5 17. Nxg5 Bc6 18. Bf3 Kg7 19. Bxc6 Nxc6 20. Nf3 Kf6 21. Kf1 h6 22. Ke2 a6 23. Rxd8 Rxd8 24. Rd1 Rxd1 25. Kxd1 Ne5 26. Nxe5 Kxe5 27. Ke2 f4 28. exf4+ Kxf4 29. f3 f5 30. g3+ Ke5 31. f4+ Kd4 32. h3 Ba5 33. Nd1 h5 34. Ne3 b5 35. Kf3 Bd2 36. Ng2 Bc1 37. b3 a5 38. g4 hxg4+ 39. hxg4 fxg4+ 40. Kxg4 Kc3 41. Nh4 Kb2 42. Ng6 Kxa2 43. Nf8 Kxb3 44. Nxe6 b4 45. f5 Bb2 46. Kf3 Kc4 47. Ke2 a4 48. Kd1 Kb3 49. Nc5+ Ka3 50. Kc2 Be5 51. Kb1 b3 0-1


[Site "https://www.chess.com"]

[Event "Titled Tuesday Blitz March 14 Late 2023"]
[White "Jimenez, Joaquin"]
[Black "Torres Dominguez, David"]
[WhiteFideId "109860"]
[BlackFideId "2220857"]
[WhiteElo "2163"]
[BlackElo "1999"]
[Result "1-0"]
[Round "11"]
[TimeControl "180+2"]
[Date "2023.03.14"]
[WhiteClock "0:01:51"]
[BlackClock "0:01:09"]

1. e4 e5 2. Nf3 Nc6 3. Bc4 Bc5 4. c3 Nf6 5. d4 exd4 6. cxd4 Bb4+ 7. Nc3 Nxe4 8. O-O Bxc3 9. bxc3 d5 10. Bd3 O-O 11. Qc2 Bf5 12. Rb1 Rb8 13. Bf4 Bg6 14. Rfe1 a5 15. c4 Nb4 16. Rxb4 axb4 17. cxd5 Nd6 18. Bxg6 fxg6 19. Bg3 Rc8 20. h3 Re8 21. Ne5 Nf5 22. Qc4 b5 23. Qxb5 Nxg3 24. fxg3 Qd6 25. Rc1 Rb8 26. Qc4 h6 27. Qb3 Kh7 28. Rc6 Qe7 29. Rxg6 Qf8 30. Qd3 Kh8 31. Rc6 Ra8 32. Ng6+ 1-0


[Site "https://www.chess.com"]

[Event "Titled Tuesday Blitz March 14 Late 2023"]
[White "Gamage, Wanshini Vidusama"]
[Black "Comas Fabrego, Lluis"]
[WhiteFideId "9953752"]
[BlackFideId "2200325"]
[WhiteElo "2253"]
[BlackElo "2523"]
[Result "0-1"]
[Round "11"]
[TimeControl "180+2"]
[Date "2023.03.14"]
[WhiteClock "0:00:19"]
[BlackClock "0:00:28"]

1. e4 c5 2. Nf3 d6 3. d4 cxd4 4. Nxd4 Nf6 5. Nc3 g6 6. Be3 Bg7 7. f3 O-O 8. Qd2 Nc6 9. O-O-O d5 10. exd5 Nxd5 11. Nxc6 bxc6 12. Bd4 Nxc3 13. Qxc3 Bh6+ 14. Be3 Bxe3+ 15. Qxe3 Qb6 16. Re1 Be6 17. h4 Rfb8 18. b3 a5 19. a4 h5 20. g4 Qb4 21. gxh5 Qa3+ 22. Kd1 Bxb3 23. Kd2 Qb2 24. Qc3 Rd8+ 25. Bd3 Rxd3+ 26. Qxd3 Bxc2 27. Qe3 Rd8+ 28. Ke2 Bd3+ 29. Kd1 Qc2# 0-1


[Site "https://www.chess.com"]

[Event "Titled Tuesday Blitz March 14 Late 2023"]
[White "Tarnowska, Aleksandra"]
[Black "Clawitter, Craig"]
[WhiteFideId "1180967"]
[BlackFideId "2023105"]
[WhiteElo "1776"]
[BlackElo "2236"]
[Result "0-1"]
[Round "11"]
[TimeControl "180+2"]
[Date "2023.03.14"]
[WhiteClock "0:00:02"]
[BlackClock "0:00:19"]

1. e4 e6 2. d4 d5 3. Nd2 Be7 4. c3 c5 5. Ngf3 cxd4 6. Nxd4 dxe4 7. Nxe4 Nf6 8. Ng3 O-O 9. Be2 Bd7 10. O-O Nc6 11. Be3 Nxd4 12. Bxd4 Bc6 13. Bf3 Bxf3 14. Qxf3 Qd5 15. Qxd5 Nxd5 16. Rad1 Rfd8 17. Ne4 b6 18. Rfe1 Rd7 19. g3 Rad8 20. f4 Nf6 21. Nxf6+ Bxf6 22. Re4 Bxd4+ 23. Rexd4 Rxd4 24. Rxd4 Rxd4 25. cxd4 Kf8 26. Kf2 Ke7 27. Ke3 Kd6 28. Ke4 f5+ 29. Ke3 Kd5 30. Kd3 b5 31. b4 a6 32. h3 g6 33. g4 Kd6 34. g5 Kc6 35. Kc3 Kd5 36. Kd3 Kc6 37. Kc3 Kb6 38. Kd3 a5 39. bxa5+ Kxa5 40. Kc3 Ka4 41. h4 Ka3 42. d5 exd5 43. Kd4 Kxa2 44. Kc5 d4 45. Kxd4 b4 46. Ke5 b3 47. Kf6 b2 48. Kg7 b1=Q 49. Kxh7 Qc1 50. Kxg6 Qxf4 51. h5 Qg4 52. h6 f4 53. h7 Qh4 54. Kg7 Qxg5+ 55. Kh8 Qf6+ 56. Kg8 f3 57. h8=Q Qxh8+ 58. Kxh8 f2 59. Kg7 f1=Q 60. Kh6 0-1


[Site "https://www.chess.com"]

[Event "Titled Tuesday Blitz March 14 Late 2023"]
[White "Curtis, John"]
[Black "Cramling Bellon, Anna"]
[WhiteFideId "3200256"]
[BlackFideId "32009232"]
[WhiteElo "2203"]
[BlackElo "1972"]
[Result "0-1"]
[Round "11"]
[TimeControl "180+2"]
[Date "2023.03.14"]
[WhiteClock "0:00:02"]
[BlackClock "0:01:01"]

1. e4 c5 2. Nf3 e6 3. d4 cxd4 4. Nxd4 Nf6 5. Nc3 Nc6 6. Nxc6 bxc6 7. e5 Nd5 8. Ne4 Qc7 9. f4 Qb6 10. Qd3 c5 11. a3 Bb7 12. Be2 f5 13. exf6 gxf6 14. c4 f5 15. Ng5 Nf6 16. Bf3 h6 17. Bxb7 Qxb7 18. Nf3 O-O-O 19. O-O d5 20. b4 Ne4 21. b5 Bg7 22. Ne5 dxc4 0-1


[Site "https://www.chess.com"]

[Event "Titled Tuesday Blitz March 14 Late 2023"]
[White "Simonovic, Miroslav"]
[Black "Sarkar, Justin"]
[WhiteFideId "919152"]
[BlackFideId "2010011"]
[WhiteElo "2042"]
[BlackElo "2189"]
[Result "1-0"]
[Round "11"]
[TimeControl "180+2"]
[Date "2023.03.14"]
[WhiteClock "0:00:17"]
[BlackClock "0:00:02"]

1. d4 d5 2. Bg5 c5 3. c3 Qb6 4. Qc2 cxd4 5. cxd4 Nc6 6. e3 Bf5 7. Qxf5 Qxb2 8. Qxd5 Qxa1 9. Qb3 e5 10. Bc4 Bb4+ 11. Kd1 exd4 12. Bxf7+ Kf8 13. Bd5 dxe3 14. Ne2 Nge7 15. Bxe7+ Bxe7 16. Bxc6 bxc6 17. Nc3 Rd8+ 18. Kc2 Bf6 19. Re1 Bxc3 20. Rxe3 Bf6 21. Qb4+ Kf7 22. Qb3+ Rd5 23. Qb7+ Kg6 24. Qxc6 1-0


[Site "https://www.chess.com"]

[Event "Titled Tuesday Blitz March 14 Late 2023"]
[White "Desideri, Ricardo Maruchi"]
[Black "Jenkins, Drake"]
[WhiteFideId "2110440"]
[BlackFideId "2022397"]
[WhiteElo "1945"]
[BlackElo "2234"]
[Result "0-1"]
[Round "11"]
[TimeControl "180+2"]
[Date "2023.03.14"]
[WhiteClock "0:00:01"]
[BlackClock "0:00:20"]

1. e4 c5 2. Nf3 g6 3. d4 cxd4 4. Nxd4 Nf6 5. Nc3 Nc6 6. Be3 h5 7. h3 Bg7 8. Qd2 O-O 9. O-O-O Qa5 10. Nb3 Qd8 11. f4 d6 12. Be2 a5 13. g4 h4 14. g5 Ne8 15. Nd5 a4 16. Nd4 a3 17. b3 Be6 18. f5 Bxd5 19. exd5 Ne5 20. fxg6 Nxg6 21. Bd3 Ne5 22. g6 Qa5 23. gxf7+ Rxf7 24. Qg2 Qc3 25. Nf5 Nxd3+ 26. Rxd3 Qb2+ 27. Kd2 Rxf5 0-1


[Site "https://www.chess.com"]

[Event "Titled Tuesday Blitz March 14 Late 2023"]
[White "Burke, Paul"]
[Black "Mendez Machado, Andre"]
[WhiteFideId "2605767"]
[BlackFideId "6603793"]
[WhiteElo "1862"]
[BlackElo "1984"]
[Result "0-1"]
[Round "11"]
[TimeControl "180+2"]
[Date "2023.03.14"]
[WhiteClock "0:01:08"]
[BlackClock "0:00:24"]

1. e4 e5 2. Nf3 Nc6 3. Bc4 Bc5 4. b4 Bxb4 5. c3 Be7 6. Qb3 Nh6 7. d4 Na5 8. Qa4 Nxc4 9. Qxc4 d6 10. Bxh6 gxh6 11. O-O Rg8 12. dxe5 Bh3 13. Ne1 Qd7 14. f4 dxe5 15. fxe5 O-O-O 16. Qe2 Bg4 17. Nf3 Rg6 18. Nbd2 Bh3 19. Ne1 Qxd2 0-1


[Site "https://www.chess.com"]

[Event "Titled Tuesday Blitz March 14 Late 2023"]
[White "lisjakzlatko1"]
[Black "Hartikainen, Jarmo"]
[BlackFideId "503134"]
[WhiteElo "2139"]
[BlackElo "2170"]
[Result "0-1"]
[Round "11"]
[TimeControl "180+2"]
[Date "2023.03.14"]
[WhiteClock "0:00:03"]
[BlackClock "0:00:48"]

1. e4 c5 2. b4 d6 3. a3 Nf6 4. Nc3 g6 5. Nf3 Bg7 6. Rb1 O-O 7. Bc4 a6 8. bxc5 dxc5 9. e5 Ng4 10. Qe2 e6 11. h3 Nh6 12. d3 b5 13. Ba2 Bb7 14. Bg5 Qc7 15. Ne4 Bxe4 16. Qxe4 Nc6 17. Bxh6 Bxh6 18. Qh4 Bg7 19. Ng5 h6 20. Nxe6 fxe6 21. Bxe6+ Kh7 22. O-O Qxe5 23. Rbe1 Qf6 24. Qe4 Nd4 25. Bd5 Rad8 26. c3 Nf5 27. Ba2 Nd6 0-1


[Site "https://www.chess.com"]

[Event "Titled Tuesday Blitz March 14 Late 2023"]
[White "Souza, Gustavo Horokoski De"]
[Black "Antonio, Jorge Carlos"]
[WhiteFideId "2146584"]
[BlackFideId "113190"]
[WhiteElo "1859"]
[BlackElo "2247"]
[Result "0-1"]
[Round "11"]
[TimeControl "180+2"]
[Date "2023.03.14"]
[WhiteClock "0:00:03"]
[BlackClock "0:00:45"]

1. d4 d5 2. c4 c6 3. Nc3 Nf6 4. Nf3 Bf5 5. cxd5 cxd5 6. Qb3 Bc8 7. Ne5 e6 8. Bg5 Be7 9. e3 O-O 10. Bd3 h6 11. Bh4 Nc6 12. f4 Bd7 13. O-O b6 14. Nxd7 Qxd7 15. f5 e5 16. Bxf6 Bxf6 17. Nxd5 exd4 18. Nxf6+ gxf6 19. Bb5 Qd6 20. Bxc6 Qxc6 21. exd4 Rad8 22. Rad1 Qd5 23. Qe3 Kh7 24. b3 Rg8 25. Qf3 Qxf3 26. Rxf3 Rge8 27. Kf2 Re4 28. Re3 Rexd4 29. Rxd4 Rxd4 30. Re7 Rd2+ 31. Ke3 Rxa2 32. Rxf7+ Kg8 33. Rxf6 Rxg2 34. Rxh6 Rb2 35. Rg6+ Kf7 36. h4 Rxb3+ 37. Kd4 Rh3 38. Rg4 Kf6 39. Ke4 Kf7 40. Ke5 a5 41. Kd5 b5 42. Kc5 b4 43. Kc4 b3 44. Rd4 a4 45. Kb4 b2 46. Rd7+ Kf6 47. Rd1 a3 0-1